 Dungeon Crawl Stone Soup version 0.23-a0-419-g0174fd8 (console) character file.

74 bli the Insei (level 4, -8/28 HPs)
             Began as an Octopode Transmuter on Nov 11, 2018.
             Killed from afar by Natasha (9 damage)
             ... with a magic dart
             ... on level 2 of the Dungeon.
             The game lasted 00:04:38 (749 turns).

bli the Insei (Octopode Transmuter)                  Turns: 749, Time: 00:04:38

Health: -8/28      AC:  1    Str:  9    XL:     4   Next: 28%
Magic:  6/7        EV: 13    Int: 15    God:
Gold:   53         SH:  0    Dex: 13    Spells: 3/7 levels left

rFire    . . .     SeeInvis .     - Unarmed
rCold    . . .     Gourm    .   (no shield)
rNeg     . . .     Faith    .   (helmet restricted)
rPois    .         Spirit   .   (no amulet)
rElec    .         Reflect  .   (no ring)
rCorr    .         Harm     .   (no ring)
MR       .....                  (no ring)
Stlth    ++........             (no ring)
HPRegen  0.09/turn              (no ring)
MPRegen  0.10/turn              (no ring)
                                (no ring)
                                (no ring)

@: appendage, slowed, very slow
A: almost no armour, stealthy swim, amphibious, 8 rings, constrict 8, tentacle
spike 3, camouflage 1, gelatinous body 1
a: End Transformation


You were on level 2 of the Dungeon.
You were not hungry.
One of your tentacles had a temporary spike.
You visited 1 branch of the dungeon, and saw 2 of its levels.

You collected 53 gold pieces.

Inventory:

Missiles
 a - 12 arrows
 b - 47 stones (quivered)
 l - 7 poisoned needles
Scrolls
 e - 2 scrolls of teleportation {unknown}
 i - 2 scrolls of noise {unknown}
 j - a scroll of remove curse {unknown}
 k - 2 scrolls of identify {unknown}
Potions
 f - 2 potions of might {unknown}
 g - a potion of heal wounds {unknown}
 h - a potion of agility {unknown}
Comestibles
 c - 4 rations
 d - 8 chunks of flesh


   Skills:
 - Level 1.0 Fighting
 - Level 2.0 Dodging
 * Level 5.0 Unarmed Combat
 - Level 2.0 Spellcasting
 - Level 2.0 Transmutations


You had 3 spell levels left.
You knew the following spells:

 Your Spells              Type           Power        Failure   Level  Hunger
a - Beastly Appendage     Tmut           #.....       10%         1    #......
s - Spider Form           Tmut/Pois      #.........   41%         3    ###....

Your spell library contained the following spells:

 Spells                   Type           Power        Failure   Level  Hunger
 Sticks to Snakes         Tmut           #.......     14%         2    ###....
 Ice Form                 Ice/Tmut       #.......     82%         4    #####..
 Blade Hands              Tmut           #.........   95%         5    ######.


Dungeon Overview and Level Annotations

Branches:
Dungeon (2/15)

Altars:
Trog

Annotations:
D:2 Natasha


Innate Abilities, Weirdness & Mutations

You cannot wear most types of armour.
You are very stealthy in the water. (Stealth+)
You are amphibious.
You can wear up to eight rings at the same time.
You can use your tentacles to constrict eight enemies at once.
Your skin changes colour to match your surroundings (Stealth+).
Your rubbery body absorbs attacks. (AC +1, EV +1)
One of your tentacles bears a large vicious spike.


Message History

Natasha stares at you and mumbles some strange words.
The magic dart hits you! Natasha casts a spell at you. The magic dart hits you!
Found a stone staircase leading down.
You see here 2 stones.
Natasha drinks a potion.
Natasha seems to speed up.
Natasha claws you!
* * * LOW HITPOINT WARNING * * *
You miss Natasha. Your grab misses Natasha. Natasha barely misses you.
Natasha
Casting: Beastly Appendage (safe; 10% risk of failure)
Confirm with . or Enter, or press ? or * to list all spells.
One of your tentacles grows a vicious spike.
Natasha claws you.
* * * LOW HITPOINT WARNING * * *
Natasha barely misses you.
You closely miss Natasha. You grab Natasha. You constrict Natasha.
Natasha stares at you and mumbles some strange words.
The magic dart hits you!
You die...

#... #...##
## #.>...
.# .#
....##.##..
#........#
#
#........##
# #
#..h.......
# .#
#@.....#
###..
#......#
...##
#(##.###
#... #(# #
#.# #.# ..#
#.# #.####
#.# .......
#.# #.#.#..
#.# ......
#.# ##..#.
#.#


You could see Natasha.

Vanquished Creatures
  Natasha (D:2)
  An adder (D:2)
  A worm (D:2)
  3 dart slugs (D:1)
  4 leopard geckos
  4 bats (D:1)
  A giant cockroach (D:1)
  7 hobgoblins
  A frilled lizard (D:1)
  2 kobolds (D:1)
  4 rats (D:1)
29 creatures vanquished.

Notes
Turn   | Place    | Note
-------+----------+-------------------------------------------
     0 | D:1      | bli the Octopode Transmuter began the quest for the Orb.
     0 | D:1      | Reached XP level 1. HP: 13/13 MP: 3/3
    48 | D:1      | Reached XP level 2. HP: 15/18 MP: 3/5
   128 | D:1      | Reached skill level 4 in Unarmed Combat
   200 | D:1      | Reached XP level 3. HP: 16/23 MP: 4/6
   411 | D:1      | Learned a level 3 spell: Spider Form
   492 | D:2      | Found a bloodstained altar of Trog.
   728 | D:2      | Noticed Natasha
   737 | D:2      | Killed Natasha
   737 | D:2      | Reached skill level 5 in Unarmed Combat
   737 | D:2      | Reached XP level 4. HP: 21/28 MP: 5/7
   742 | D:2      | Noticed Natasha
   748 | D:2      | HP: 1/28 [Natasha (3)]
   749 | D:2      | Killed from afar by Natasha

Vault maps used:
D:1:      dpeg_arrival_simpleton_c, chequers_arboretum
D:2:      nicolae_overflow_crystal_walls, gammafunk_temple_overflow_statue,
          hangedman_decor_points, uniq_natasha, uniq_terence

Skill      XL: |  1  2  3 |
---------------+----------+-----
Unarmed Combat | 4 5 |  5.0
Fighting       | |  1.0
Dodging        | |  2.0
Spellcasting   | |  2.0
Transmutations | |  2.0

Action                   |  1- 3 |  4- 6 || total
-------------------------+-------+-------++-------
Melee: Unarmed           |    53 |     2 ||    55
       Constrict         |    18 |     1 ||    19
       Kick              |    11 |       ||    11
       Tentacles         |    10 |       ||    10
Throw: Stone             |    13 |       ||    13
 Cast: Beastly Appendage |    11 |     1 ||    12
 Stab: Sleeping          |     8 |       ||     8
Dodge: Dodged            |    17 |     3 ||    20

Table legend:
 A = Non-vault XP
 B = Vault XP
 C = Vault XP percentage of total XP
 D = Non-vault monster count
 E = Vault monster count
 F = Vault count percentage of total count
                 A         B        C        D         E       F
            +---------+---------+-------+---------+---------+-------
      Total |      71 |      35 |  33.0 |      28 |       1 |   3.4
            +---------+---------+-------+---------+---------+-------
        D:1 |      46 |       0 |   0.0 |      23 |       0 |   0.0
        D:2 |      25 |      35 |  58.3 |       5 |       1 |  16.7
            +---------+---------+-------+---------+---------+-------
